 Dungeon Crawl Stone Soup version 0.26-a0-672-g1df16c3386 (webtiles) character file.

Game seed: 9891883071068979821

3003 littlecub the Covert (level 9, -5/52 HPs)
             Began as a Vampire Enchanter on Oct 18, 2020.
             Was a Follower of Ashenzari.
             Shot with an arrow by a centaur (6 damage)
             ... on level 9 of the Dungeon on Oct 20, 2020.
             The game lasted 00:51:30 (11281 turns).

littlecub the Covert (Vampire Enchanter)           Turns: 11281, Time: 00:51:31

Health: -5/52      AC:  5    Str:  2 (7)  XL:     9   Next: 54%
Magic:  17/17      EV: 12    Int: 16 (21) God:    Ashenzari [*.....]
Gold:   508        SH:  0    Dex:  5 (14) Spells: 9/18 levels left

rFire    + . .     SeeInvis +   a - +1 dagger (curse)
rCold    + + .     Faith    .   (no shield)
rNeg     + + +     Spirit   .   u - +2 robe (curse)
rPois    ∞         Reflect  .   (no helmet)
rElec    .         Harm     .   (no cloak)
rCorr    .         Rampage  .   (no gloves)
MR       .....                  p - +0 pair of boots (curse)
Stlth    ++++++....             D - amulet of magic regeneration
HPRegen  0.00/turn              q - ring of wizardry (curse)
MPRegen  0.40/turn              y - ring of protection from fire

@: bloodless
A: fangs 3, see invisible, unbreathing
a: Bat Form, Revivify, Curse Item, Scrying, Renounce Religion


You were on level 9 of the Dungeon.
You worshipped Ashenzari.
Ashenzari was aware of your devotion.
You visited 2 branches of the dungeon, and saw 10 of its levels.

You collected 580 gold pieces.
You spent 72 gold pieces at shops.

Inventory:

Hand Weapons
 a - a cursed +1 dagger (weapon)
Missiles
 c - 335 stones (quivered)
Armour
 p - a cursed +0 pair of boots (worn)
 u - a cursed +2 robe (worn)
Jewellery
 q - a cursed ring of wizardry (left hand)
 y - a ring of protection from fire (right hand)
 D - an amulet of magic regeneration (around neck)
Wands
 x - a wand of paralysis (17)
Scrolls
 b - a scroll of fog
 d - 3 scrolls of teleportation
 l - 6 scrolls of amnesia
 n - 4 scrolls of remove curse
 s - 5 scrolls of enchant armour
 t - 3 scrolls of magic mapping
 A - a scroll of enchant weapon
Potions
 g - a potion of ambrosia {unknown}
 i - 4 potions of curing
 k - 2 potions of heal wounds {unknown}
 m - 2 potions of flight {unknown}
 o - 3 potions of brilliance
 r - a potion of lignification {unknown}
 v - a potion of might {unknown}
 z - a potion of degeneration {unknown}
 B - 2 potions of haste {unknown}


   Skills:
 + Level 4.5 Fighting
 + Level 5.8 Short Blades
 + Level 4.1 Dodging
 + Level 9.5 Stealth
 + Level 5.3 Spellcasting
 + Level 9.1 Hexes
 * Level 3.1 Necromancy
 - Level 3.0 Ice Magic


You had 9 spell levels left.
You knew the following spells:

 Your Spells              Type           Power        Failure   Level
a - Ensorcelled Hibernat  Hex/Ice        ###...       1%          2
b - Corona                Hex            ####...      1%          1
c - Tukima's Dance        Hex            ####....     1%          3
d - Vampiric Draining     Necr           ##........   4%          3

Your spell library contained the following spells:

 Spells                   Type           Power        Failure   Level
 Animate Skeleton         Necr           ##....       1%          1
 Pain                     Necr           ##..         1%          1
 Confusing Touch          Hex            ####....     1%          3
 Dazzling Flash           Conj/Hex       ###...       2%          3
 Animate Dead             Necr           ##........   16%         4
 Agony                    Necr           ##......     41%         5


Dungeon Overview and Level Annotations

Branches:
Dungeon (9/15)             Temple (1/1) D:5
   Lair: D:8-11         Orc: D:9-12

Altars:
Ashenzari
Cheibriados
Gozag
Hepliaklqana
Kikubaaqudgha
Okawaru
Qazlal
Ru
Sif Muna
Vehumet
Xom

Shops:
D:4 [   D:6 ?   D:9 :

Annotations:
D:4 Menkaure


Innate Abilities, Weirdness & Mutations

You do not regenerate when monsters are visible.
You are frail without blood (-20% HP).
You can heal yourself when you bite living creatures.
You are immune to poison.
You have razor-sharp teeth.
You have supernaturally acute eyesight. (SInv)
You can survive without breathing.


Message History

Ouch! That really hurt!
* * * LOW HITPOINT WARNING * * *
The centaur barely misses you.
There is an open door, spattered with blood here.
Things that are here:
an arrow; an orc corpse The centaur unwields a +0 whip.
The centaur wields a +0 shortbow.
The centaur shoots an arrow.
The arrow hits you.
* * * LOW HITPOINT WARNING * * *
The orc warrior hits you from afar with a +0 glaive.
* * * LOW HITPOINT WARNING * * *
You see here 2 arrows.
Press: ? - help, Dir - move target cursor
As you read the scroll of blinking, it crumbles to dust.
You feel better.
The centaur shoots an arrow.
The arrow closely misses you.
The centaur shoots an arrow.
The arrow hits you!
* * * LOW HITPOINT WARNING * * *
The centaur shoots an arrow.
The arrow hits you.
You die...

##### ....# ######+###### ....#
#####...........# ######'
....###...'...........#####......
....'...###.....).....##.oc......
....##### #.....@.....##.##o.....
....# #..........?'c(##......
##### #......)....#####......
############# #...... #######
#### ...#


You could see a centaur.

Vanquished Creatures
  A wyvern (D:9)
  A water moccasin (D:8)
  An orc warrior (D:6)
  3 sky beasts
  A black bear (D:6)
  4 ogres
  A phantom (D:9)
  3 centaurs
  A big kobold (D:8)
  A gnoll sergeant (D:6)
  Blork the orc (D:4)
  5 bullfrogs
  4 scorpions
  3 wights
  2 howler monkeys
  A bullfrog zombie (D:9)
  4 hounds
  A bullfrog skeleton (D:5)
  An orc priest (D:6)
  An iguana (D:7)
  Jessica (D:3)
  4 orc wizards
  2 worker ants
  A hound zombie (D:9)
  A hound skeleton (D:6)
  A worker ant zombie (D:6)
  5 gnolls (D:6)
  8 adders
  2 oozes
  2 worms (D:3)
  10 leopard geckos
  18 orcs
  7 giant cockroaches
  4 goblins
  6 hobgoblins
  6 jackals
  12 kobolds
  7 quokkas
  7 ball pythons (D:3)
  10 bats
  6 frilled lizards
  A quokka skeleton (D:8)
  3 rats
164 creatures vanquished.

Vanquished Creatures (collateral kills)
  2 wights (D:7)
2 creatures vanquished.

Vanquished Creatures (others)
  A dancing weapon (D:8)
1 creature vanquished.

Grand Total: 167 creatures vanquished

Notes
Turn   | Place    | Note
-------+----------+-------------------------------------------
     0 | D:1      | littlecub the Vampire Enchanter began the quest for the
                  | Orb.
     0 | D:1      | Reached XP level 1. HP: 13/13 MP: 3/3
   448 | D:1      | You fall into a shaft and drop 1 floor!
   721 | D:1      | Reached skill level 5 in Hexes
   721 | D:1      | Reached XP level 2. HP: 19/19 MP: 5/5
   725 | D:1      | Learned a level 2 spell: Ensorcelled Hibernation
  1508 | D:2      | Found a hazy altar of Hepliaklqana.
  1625 | D:2      | Reached XP level 3. HP: 25/25 MP: 6/6
  1913 | D:3      | Reached skill level 5 in Stealth
  2136 | D:3      | Reached XP level 4. HP: 25/31 MP: 1/7
  2202 | D:3      | Noticed Jessica
  2221 | D:3      | Killed Jessica
  2221 | D:3      | Reached skill level 1 in Fighting
  2221 | D:3      | Reached skill level 1 in Ice Magic
  2339 | D:3      | Learned a level 3 spell: Tukima's Dance
  3103 | D:3      | Reached XP level 5. HP: 37/37 MP: 9/9
  3872 | D:4      | Noticed Blork the orc
  3883 | D:4      | Killed Blork the orc
  4009 | D:4      | Found Ufoisac's Armour Shop.
  4029 | D:4      | Reached XP level 6. HP: 35/35 MP: 7/10
  4034 | D:4      | Noticed Menkaure
  4258 | D:5      | Entered Level 5 of the Dungeon
  4615 | D:5      | Found a staircase to the Ecumenical Temple.
  4624 | Temple   | Entered the Ecumenical Temple
  4635 | Temple   | Became a worshipper of Ashenzari the Shackled
  4650 | D:5      | Identified the +2 leather armour "Vacveara" {rC+ rN+ Str-4
                  | SInv} (You found it on level 5 of the Dungeon)
  5000 | D:6      | Found Muirulap's Magic Scroll Boutique.
  5004 | D:6      | Bought a scroll of remove curse for 36 gold pieces
  5004 | D:6      | Bought a scroll of remove curse for 36 gold pieces
  5151 | D:6      | Noticed a sky beast
  5160 | D:6      | Reached XP level 7. HP: 36/40 MP: 5/12
  5347 | D:5      | Upgraded the game from 0.26-a0-668-gd58323b419 to
                  | 0.26-a0-672-g1df16c3386
  6014 | D:6      | Reached XP level 8. HP: 46/46 MP: 12/14
  6792 | D:7      | Identified the cursed +0 scale mail of the Weaver {Harm
                  | rPois MR- rCorr}
  7361 | D:9      | Reached skill level 5 in Short Blades
  7469 | D:9      | Reached XP level 9. HP: 52/52 MP: 16/16
  7496 | D:9      | Found Zucsu's Book Boutique.
  7656 | D:8      | Learned a level 3 spell: Vampiric Draining
  8198 | D:8      | Reached skill level 5 in Spellcasting
  8257 | D:7      | Reached * piety under Ashenzari
  8274 | D:7      | Reached skill level 1 in Necromancy
  8476 | D:7      | Found an iron altar of Okawaru.
  9089 | D:9      | Noticed a troll
  9224 | D:8      | Noticed a two-headed ogre
 11281 | D:9      | HP: 1/52 [centaur/arrow (9)]
 11281 | D:9      | Shot with an arrow by a centaur

Illustrated notes

Levels and vault maps discovered:
D:1:      minmay_arrival_shattered_statue, layout_loops_ring
D:2:      layout_loops_ring, lemuel_doored_altar
D:3:      minmay_recursive_quarters, layout_loops_cross, grunt_ministairs_6,
          minmay_crystal_water, minmay_snake_closets, uniq_jessica
D:4:      layout_cave_pools, serial_shops, kennysheep_mini,
          cheibrodos_gnoll_hut, uniq_menkaure, uniq_blork_the_orc
D:5:      layout_rooms, minmay_temple_entry_sparse_star
D:6:      kennysheep_spiral_hall, layout_basic, serial_shops,
          nicolae_shop_statue_plus, minmay_circle_x
D:7:      layout_cave_pods, hangedman_decor_peaks_small,
          okawaru_ov_weapons_minmay
D:8:      layout_loops_corners, chequers_serial_rivers_marsh,
          minmay_misc_feat_pillars
D:9:      layout_roguey, serial_shops,
          nicolae_shop_temple_entry_statues_fountains
Temple:   grunt_wide_crystal_templ

Skill      XL: |  1  2  3  4  5  6  7  8  9 |
---------------+----------------------------+-----
Hexes          | 5 6 7 8 9 |  9.1
Stealth        | 5 6 7 9 |  9.5
Fighting       | 1 2 3 4 |  4.5
Short Blades   | 2 3 4 5 |  5.8
Ice Magic      | 1 2 3 |  3.0
Spellcasting   | 3 4 5 |  5.3
Dodging        | 3 4 |  4.1
Necromancy     | 3 |  3.1

Action                   |  1- 3 |  4- 6 |  7- 9 || total
-------------------------+-------+-------+-------++-------
Melee: Dagger            |    81 |   113 |   266 ||   460
       Bite              |     4 |     1 |    13 ||    18
Throw: Stone             |    15 |       |       ||    15
 Cast: Corona            |    13 |     2 |    21 ||    36
       Ensorcelled Hiber |    11 |    47 |    75 ||   133
       Tukima's Dance    |       |       |     7 ||     7
Invok: Curse Item        |       |     2 |     2 ||     4
 Abil: Exsanguinate      |       |     1 |       ||     1
       End Transformatio |       |       |     3 ||     3
       Bat Form          |       |       |     3 ||     3
Evoke: Wand              |       |       |     8 ||     8
  Use: Scroll            |       |     8 |     7 ||    15
       Potion            |       |       |     3 ||     3
 Stab: Sleeping          |    19 |    47 |    65 ||   131
       Distracted        |       |       |     1 ||     1
Armor: Robe              |    23 |    22 |   105 ||   150
Dodge: Dodged            |    68 |    90 |   252 ||   410

Table legend: (Time is in decaauts)
 A = Elapsed time spent in this place.
 B = Non-inter-level travel time spent in this place.
 C = Inter-level travel time spent in this place.
 D = Time resting spent in this place.
 E = Time spent auto-exploring this place.
 F = Levels seen in this place.
 G = Mean time per level.
                   A        B        C        D        E       F      G
               +--------+--------+--------+--------+--------+-----+--------+
         Total |  11145 |  10572 |    573 |   3064 |   4572 |  10 | 1114.5 |
       Dungeon |  11125 |  10567 |    558 |   3064 |   4569 |   9 | 1236.1 |
        Temple |     19 |      4 |     15 |      0 |      3 |   1 |   19.0 |
               +--------+--------+--------+--------+--------+-----+--------+

Top non-repeatable levels by time:
     D:6: 2169 daAuts
     D:3: 1985 daAuts
     D:7: 1892 daAuts
     D:1: 1225 daAuts
     D:5: 1105 daAuts
     D:8: 870 daAuts
     D:9: 836 daAuts
     D:2: 715 daAuts
     D:4: 325 daAuts
  Temple: 19 daAuts
